 Dungeon Crawl Stone Soup version 0.21-a0-264-g3e31e41 (webtiles) character file.

34 anything the Poker (level 3, -1/27 HPs)
             Began as a Merfolk Gladiator on Sept 8, 2017.
             Slain by an orc (5 damage)
             ... on level 2 of the Dungeon.
             The game lasted 00:01:50 (1024 turns).

anything the Poker (Merfolk Gladiator)              Turns: 1024, Time: 00:01:52

Health: -1/27      AC:  5    Str: 14    XL:     3   Next: 31%
Magic:  3/3        EV: 14    Int:  7    God:
Gold:   42         SH:  0    Dex: 16    Spells: 2/2 levels left

rFire    . . .     SeeInvis .   a - +0 trident
rCold    . . .     Gourm    .   (no shield)
rNeg     + . .     Faith    .   b - +0 leather armour
rPois    .         Spirit   .   c - +0 helmet
rElec    .         Reflect  .   (no cloak)
rCorr    .         Harm     .   (no gloves)
MR       .....                  q - +0 pair of boots
Stlth    +.........             e - amulet of magic regeneration
HPRegen  0.09/turn              k - ring of positive energy
MPRegen  0.33/turn              (no ring)

@: no status effects
A: change form in water, swift swim, stealthy swim
a: no special abilities


You were on level 2 of the Dungeon.
You were not hungry.

You visited 1 branch of the dungeon, and saw 2 of its levels.

You collected 42 gold pieces.

Inventory:

Hand Weapons
 a - a +0 trident (weapon)
Missiles
 d - 3 throwing nets (quivered)
 p - 8 curare-tipped needles
Armour
 b - a +0 leather armour (worn)
 c - a +0 helmet (worn)
 q - a +0 pair of boots (worn)
Jewellery
 e - an amulet of magic regeneration (around neck)
 k - a ring of positive energy (left hand)
Scrolls
 g - a scroll of magic mapping {unknown}
 l - 2 scrolls of identify {unknown}
 m - a scroll of fear {unknown}
 n - 2 scrolls of remove curse {unknown}
 o - a scroll of teleportation {unknown}
Potions
 i - 2 potions of curing
Comestibles
 f - a bread ration
 h - a meat ration


   Skills:
 - Level 2.1 Fighting
 + Level 6.3 Polearms
 - Level 2.0 Throwing
 - Level 4.0 Dodging


You had 2 spell levels left.
You didn't know any spells.

Dungeon Overview and Level Annotations

Branches:
Dungeon (2/15)

Altars:


Message History

Beogh smites you!
You hit the orc.
The orc is almost dead.
You completely miss the orc.
The orc is almost dead.
The orc barely misses you. The orc completely misses you.
You puncture the orc!
You kill the orc!
The orc hits you with a hand axe.
You hit the orc.
The orc is lightly wounded.
The orc priest calls upon Beogh to heal the orc.
The orc's wounds heal themselves!
The orc hits you but does no damage.
You hit the orc.
You kill the orc!
The orc priest calls down the wrath of Beogh upon you.
Beogh smites you!
* * * LOW HITPOINT WARNING * * *
The orc hits you.
You die...

#.#..<#.#######
#.#.#..........
#.#............
#.#.....†......
#.#..[.........
#####.#.##.........
#............#+####
#........###.#
#.o@)....# .#
###o###### .# #.#
.# #.o ... ....
.... ......


You could see an orc priest and 2 orcs.

Vanquished Creatures
  2 dart slugs (D:1)
  A leopard gecko (D:1)
  2 orcs (D:2)
  2 goblins (D:1)
  2 hobgoblins (D:1)
  3 jackals (D:1)
  5 kobolds (D:1)
  A quokka (D:2)
  A ball python (D:1)
  2 bats
  A frilled lizard (D:1)
  2 rats (D:1)
24 creatures vanquished.

Notes
Turn   | Place    | Note
-------+----------+-------------------------------------------
     0 | D:1      | anything the Merfolk Gladiator began the quest for the Orb.
     0 | D:1      | Reached XP level 1. HP: 16/16 MP: 1/1
   191 | D:1      | Reached skill level 5 in Polearms
   410 | D:1      | Reached XP level 2. HP: 19/22 MP: 2/2
   724 | D:1      | Reached XP level 3. HP: 27/27 MP: 3/3
   830 | D:1      | Reached skill level 6 in Polearms
  1024 | D:2      | Slain by an orc

Vault maps used:
D:1:      tarquinn_simple_flora_water_c
D:2:      lemuel_coloured_pillars_altar

Skill      XL: |  1  2  3 |
---------------+----------+-----
Polearms       | 5 6 |  6.3
Fighting       | |  2.1
Throwing       | |  2.0
Dodging        | |  4.0

Action                   || total
-------------------------++-------
Melee: Trident           ||    71
  Use: Potion            ||     2
 Stab: Sleeping          ||     1
Armor: Leather armour    ||    11
Dodge: Dodged            ||    43

Table legend:
 A = Spawn XP
 B = Non-spawn XP
 C = Spawn XP percentage of total XP
 D = Spawn monster count
 E = Non-spawn monster count
 F = Spawn count percentage of total count
 G = Total turns spent on level
                    A         B        C        D         E        F      G
               +---------+---------+-------+---------+---------+-------+---------
         Total |       0 |      49 |   0.0 |       0 |      24 |   0.0 |  1024
               +---------+---------+-------+---------+---------+-------+---------
           D:1 |       0 |      39 |   0.0 |       0 |      20 |   0.0 |   997
           D:2 |       0 |      10 |   0.0 |       0 |       4 |   0.0 |    27
               +---------+---------+-------+---------+---------+-------+---------
